 Dungeon Crawl Stone Soup version 0.26-a0-474-gfaca0e1de5 (webtiles) character file.

Game seed: 14446003913168413924

27993 MrRokkomies the Basher (level 13, 0/110 HPs)
             Began as a Palentonga Warper on July 31, 2020.
             Was an Elder of Makhleb.
             Slain by a fire dragon (9 damage)
             ... on level 6 of the Lair of Beasts.
             The game lasted 01:02:20 (18280 turns).

MrRokkomies the Basher (Palentonga Warper)         Turns: 18280, Time: 01:02:21

Health: 0/110      AC:  9    Str: 17    XL:     13   Next: 7%
Magic:  17/17      EV: 12    Int: 18    God:    Makhleb [****..]
Gold:   1089       SH: 15    Dex: 16    Spells: 8/16 levels left

rFire    . . .     SeeInvis +   a - +1 mace "Lihegroe" {vorpal, rPois Str+2}
rCold    . . .     Faith    +   H - +4 kite shield of Ru {rElec rC- Regen+ SInv}
rNeg     . . .     Spirit   .   z - +0 steam dragon scales
rPois    +         Reflect  .   j - +1 helmet
rElec    +         Harm     .   G - +0 cloak
rCorr    .                      v - +0 pair of gloves
MR       .....                  (boots restricted)
Stlth    +.........             x - amulet of faith
HPRegen  0.68/turn              k - ring of protection from cold
MPRegen  0.15/turn              W - +6 ring of dexterity

@: very slow
A: large, rugged brown scales 3, see invisible, deformed body, roll, armoured
tail
a: Rolling Charge, Minor Destruction, Lesser Servant of Makhleb, Major
Destruction, Renounce Religion


You were on level 6 of the Lair of Beasts.
You worshipped Makhleb.
Makhleb was greatly pleased with you.
You visited 3 branches of the dungeon, and saw 16 of its levels.
You also visited: Volcano.

You collected 1657 gold pieces.
You spent 568 gold pieces at shops.

Inventory:

Hand Weapons
 a - the +1 mace "Lihegroe" (weapon) {vorpal, rPois Str+2}
   (You bought it in a shop on level 5 of the Dungeon)

   It inflicts extra damage upon your enemies.
   It affects your strength (+2).
   It protects you from poison.
 b - a +3 morningstar of electrocution
 B - the +9 dagger of Conscience {elec, Fragile rPois Int+4 Dex+3, unknown}
   (You found it on level 6 of the Dungeon)

   Occasionally, upon striking a foe, it will discharge some electrical energy
   and cause terrible harm.
   It affects your intelligence (+4).
   It affects your dexterity (+3).
   It protects you from poison.
   It will be destroyed if unequipped.
 I - a +2 antimagic morningstar
 X - a +2 eveningstar of holy wrath
Missiles
 e - 5 boomerangs of dispersal
 s - 9 boomerangs
 w - 72 poisoned darts (quivered)
 N - 8 silver javelins
Armour
 j - a +1 helmet (worn)
 v - a +0 pair of gloves (worn)
 z - +0 steam dragon scales (worn)
 G - a +0 cloak (worn)
 H - the +4 kite shield of Ru (worn) {rElec rC- Regen+ SInv}
   (You found it on level 6 of the Dungeon)

   It makes you vulnerable to cold.
   It insulates you from electricity.
   It lets you see invisible.
   It increases your rate of regeneration.
 L - a +2 robe of cold resistance
 U - the +3 chain mail "Ute Vatt" {+Fly rC++}
   (You found it on level 3 of the Lair of Beasts)

   It greatly protects you from cold.
   It lets you fly.
Jewellery
 k - a ring of protection from cold (left hand)
 x - an amulet of faith (around neck)
 V - an uncursed amulet of magic regeneration {unknown}
 W - a +6 ring of dexterity (right hand)
Wands
 g - a wand of paralysis (11)
 h - a wand of enslavement (4)
 i - a wand of flame (37)
 A - a wand of clouds (7)
Scrolls
 c - 8 scrolls of teleportation
 d - 7 scrolls of blinking
 f - a scroll of magic mapping
 l - 4 scrolls of enchant weapon
 y - a scroll of holy word
 J - 2 scrolls of enchant armour
 M - 4 scrolls of remove curse
 Q - a scroll of amnesia
 R - a scroll of fog
 T - a scroll of immolation
Potions
 m - 3 potions of lignification
 n - 3 potions of might
 o - a potion of berserk rage
 p - 5 potions of cancellation
 q - 3 potions of curing
 r - 3 potions of magic {unknown}
 t - 3 potions of stabbing
 C - 3 potions of flight
 D - 2 potions of ambrosia
 F - 3 potions of invisibility {unknown}
 O - 2 potions of haste
 Z - a potion of brilliance {unknown}
Miscellaneous
 u - a box of beasts
 K - a phial of floods
 P - a tin of tremorstones (3/3)


   Skills:
 - Level 10.0 Fighting
 * Level 13.0 Maces & Flails
 - Level 0.6 Throwing
 - Level 0.7 Armour
 + Level 4.7 Dodging
 - Level 9.0 Shields
 - Level 2.0 Spellcasting
 - Level 6.0 Translocations
 * Level 5.8 Invocations
 + Level 5.7 Evocations


You had 8 spell levels left.
You knew the following spells:

 Your Spells              Type           Power        Failure   Level
a - Blink                 Tloc           N/A          2%          2
b - Gell's Gravitas       Tloc           ###.......   4%          3
c - Teleport Other        Tloc           ###.....     4%          3

Your spell library contained the following spells:

 Spells                   Type           Power        Failure   Level
 Lesser Beckoning         Tloc           ###.......   4%          3
 Portal Projectile        Hex/Tloc       ##....       16%         3
 Passage of Golubria      Tloc           N/A          16%         4
 Animate Skeleton         Necr           #.....       19%         1
 Corona                   Hex            #......      19%         1
 Magic Dart               Conj           #...         19%         1
 Pain                     Necr           #...         19%         1
 Call Imp                 Summ           #.......     26%         2
 Ensorcelled Hibernation  Hex/Ice        #.....       26%         2
 Slow                     Hex            #.......     26%         2
 Conjure Flame            Conj/Fire      #.......     47%         3
 Inner Flame              Hex/Fire       #.......     47%         3
 Mephitic Cloud           Conj/Pois/Air  #.......     47%         3
 Vampiric Draining        Necr           #.........   47%         3
 Animate Dead             Necr           #.........   87%         4
 Cause Fear               Hex            #.........   87%         4
 Leda's Liquefaction      Hex/Erth       #.........   87%         4
 Agony                    Necr           #.......     99%         5
 Borgnjor's Vile Clutch   Necr/Erth      #.........   99%         5
 Silence                  Hex/Air        #.........   99%         5
 Shadow Creatures         Summ           N/A          100%        6


Dungeon Overview and Level Annotations

Branches:
Dungeon (9/15)             Temple (1/1) D:6            Lair (6/6) D:8
 Shoals (0/4) Lair:4        Snake (0/4) Lair:4        Slime (0/5) Lair:5
    Orc (0/2) D:9         Volcano (visited)

Altars:
Ashenzari
Cheibriados
Dithmenos
Elyvilon
Fedhas
Gozag
Hepliaklqana
Kikubaaqudgha
Makhleb
Nemelex Xobeh
Okawaru
Qazlal
Ru
Sif Muna
Trog
Uskayaw
Vehumet
Wu Jian
Xom
Yredelemnul
Zin
The Shining One
Jiyva

Shops:
D:5 :([!*


Innate Abilities, Weirdness & Mutations

You are completely covered in rugged brown scales. (AC +3, +7% HP)
You have supernaturally acute eyesight. (SInv)
Armour fits poorly on your strangely shaped body.
You can roll at foes to attack.
You have a long armoured tail.


Message History

You hit the fire dragon but do no damage.
You tail-slap the fire dragon, but do no damage.
The fire dragon is almost dead.
The fire dragon misses you. You block the fire dragon's attack.
The fire dragon tramples you.
You hold your ground!
You barely miss the fire dragon.
You tail-slap the fire dragon, but do no damage.
The fire dragon is almost dead.
You block the fire dragon's attack. The fire dragon misses you.
The fire dragon tramples you.
You hold your ground!
You closely miss the fire dragon.
The fire dragon is almost dead.
You hit the fire dragon but do no damage.
You tail-slap the fire dragon.
The fire dragon is almost dead.
The fire dragon breathes flames at you. The blast of flame hits you!!!
* * * LOW HITPOINT WARNING * * *
You feel better. The fire dragon misses you. The fire dragon claws you!
You die... 77 7

7.. ..7≈.77
≈≈..≈..
≈≈.≈≈≈.777
≈≈≈≈≈≈≈P.77
.≈...≈°≈..7 77
...$P.7≈°77 7.7
$)?[777≈≈@7
7.≈77 (.$
77≈≈D≈7 ≈≈≈P777
77≈≈≈≈77
..7≈≈.77
77≈≈...7
...≈..777≈≈P.777
77 7≈≈≈≈≈.≈.77
.. 77≈†.†≈...7
P.77.≈7P....77
77≈≈.7P.7..77


You could see a fire dragon (catching breath).

Vanquished Creatures
  Josephine (Lair:5)
  4 hydras
  2 two-headed ogres (D:8)
  Erica (Lair:1)
  Nergalle (Lair:2)
  A lindwurm (Lair:6)
  A black mamba (Lair:6)
  3 elephants
  A torpor snail (Lair:6)
  7 cane toads
  5 rime drakes
  5 komodo dragons
  A demonic crawler (Lair:6)
  A troll (D:8)
  A polar bear (Lair:6)
  Prince Ribbit (D:9)
  7 blink frogs (Lair:4)
  2 merfolk (Lair:4)
  4 hippogriffs
  4 dream sheep (Lair:6)
  4 wraiths (Lair:5)
  2 wyverns (Lair:4)
  12 yaks
  A basilisk (Lair:4)
  8 fire bats (Volcano)
  2 steam dragons
  3 nagas (Lair:4)
  3 swamp worms (Lair:6)
  6 water moccasins
  A hell hound (Volcano)
  Duvessa (D:6)
  6 porcupines
  A swamp drake (Lair:6)
  2 phantoms
  A black bear (D:8)
  3 centaurs
  3 ogres
  4 wolves (D:8)
  6 crocodiles
  2 big kobolds
  9 bullfrogs
  Blork the orc (D:6)
  Dowan (D:6)
  2 scorpions
  3 killer bees (D:9)
  5 wights (D:9)
  3 electric eels (D:8)
  5 hounds
  2 centaur skeletons
  A jelly (D:6)
  A bullfrog skeleton (D:7)
  3 orc priests
  Jessica (D:3)
  3 iguanas
  8 orc wizards
  2 worker ants
  2 hound zombies
  Robin (D:3)
  A worker ant zombie (D:7)
  A howler monkey skeleton (D:5)
  4 gnolls (D:5)
  8 adders
  2 white imps (D:9)
  2 ufetubi
  2 adder skeletons
  An adder zombie (D:9)
  A worm (D:3)
  A dart slug (D:1)
  4 leopard geckos
  16 orcs
  4 giant cockroaches
  19 goblins
  10 hobgoblins
  8 jackals
  4 quokkas
  A ball python (D:3)
  10 bats
  6 frilled lizards
  A jackal skeleton (D:5)
  20 kobolds
  A leopard gecko skeleton (D:4)
  A quokka zombie (D:5)
  7 rats
312 creatures vanquished.

Vanquished Creatures (collateral kills)
  Rupert (Lair:5)
1 creature vanquished.

Vanquished Creatures (others)
  A swamp dragon (Lair:6)
  A scorpion (D:8)
  An orc wizard (D:7)
  6 fungi (Lair:6)
  6 plants (Lair:6)
15 creatures vanquished.

Grand Total: 328 creatures vanquished

Notes
Turn   | Place    | Note
-------+----------+-------------------------------------------
     0 | D:1      | MrRokkomies the Palentonga Warper began the quest for the
                  | Orb.
     0 | D:1      | Reached XP level 1. HP: 17/17 MP: 3/3
   547 | D:1      | Reached XP level 2. HP: 23/23 MP: 5/5
  1362 | D:2      | Reached XP level 3. HP: 17/29 MP: 6/6
  1828 | D:2      | Reached skill level 3 in Maces & Flails
  1828 | D:2      | Reached XP level 4. HP: 30/37 MP: 7/7
  2168 | D:2      | Found a faded altar of an unknown god.
  2539 | D:3      | Learned a level 2 spell: Blink
  2543 | D:3      | Learned a level 3 spell: Gell's Gravitas
  3048 | D:3      | Reached XP level 5. HP: 15/43 MP: 8/8
  3328 | D:3      | Noticed Robin
  3362 | D:3      | Killed Robin
  3732 | D:3      | Noticed Jessica
  3743 | D:3      | Killed Jessica
  3743 | D:3      | Reached skill level 4 in Maces & Flails
  4610 | D:4      | Reached XP level 6. HP: 38/51 MP: 9/9
  5062 | D:5      | Entered Level 5 of the Dungeon
  5403 | D:5      | Reached XP level 7. HP: 48/58 MP: 10/10
  5525 | D:5      | Found Momp's Antique Armour Emporium.
  5536 | D:5      | Reached skill level 5 in Fighting
  5536 | D:5      | Reached skill level 5 in Maces & Flails
  5667 | D:5      | Found Bomirch's Book Boutique.
  6143 | D:5      | Found Teiqetuq's Distillery.
  6147 | D:5      | Bought a potion of degeneration for 12 gold pieces
  6156 | D:5      | Found Juubleke's Assorted Antiques.
  6164 | D:5      | Bought a scroll labeled QUPLAO PORPHAT for 22 gold pieces
  6164 | D:5      | Bought a scroll labeled WEEHOSO EGUWI for 22 gold pieces
  6255 | D:5      | Found Daheom's Weapon Shoppe.
  6768 | D:5      | Found a hide-covered altar of Uskayaw.
  6880 | D:6      | Noticed Blork the orc
  6886 | D:6      | Killed Blork the orc
  7069 | D:6      | Noticed Duvessa
  7072 | D:6      | Noticed Dowan
  7075 | D:6      | Killed Duvessa
  7075 | D:6      | Reached skill level 6 in Maces & Flails
  7075 | D:6      | Reached XP level 8. HP: 63/68 MP: 11/11
  7079 | D:6      | Killed Dowan
  7247 | D:6      | Found a staircase to the Ecumenical Temple.
  7257 | Temple   | Entered the Ecumenical Temple
  7537 | Temple   | Became a worshipper of Makhleb the Destroyer
  7564 | D:6      | Learned a level 3 spell: Teleport Other
  7902 | D:6      | Got an iridescent dagger
  8685 | D:6      | Found a snail-covered altar of Cheibriados.
  8790 | D:6      | Got a pitted kite shield
  8795 | D:6      | Identified a scroll of acquirement
  8795 | D:6      | Acquired 810 gold pieces
  8876 | D:5      | Bought a jewelled mace for 176 gold pieces
  8876 | D:5      | Identified the cursed +1 mace "Lihegroe" {vorpal, rPois
                  | Str+2} (You bought it in a shop on level 5 of the Dungeon)
  8882 | D:5      | Identified the +4 kite shield of Ru {rElec rC- Regen+ SInv}
                  | (You found it on level 6 of the Dungeon)
  8936 | D:5      | Bought a +2 antimagic morningstar for 336 gold pieces
  9214 | D:7      | Reached skill level 1 in Shields
  9716 | D:7      | Noticed a hippogriff
  9722 | D:7      | Killed a hippogriff
  9722 | D:7      | Reached skill level 7 in Maces & Flails
  9722 | D:7      | Reached skill level 5 in Translocations
 10064 | D:8      | Reached * piety under Makhleb
 10064 | D:8      | Reached XP level 9. HP: 71/75 MP: 12/12
 10079 | D:8      | Found a staircase to the Lair.
 10087 | D:8      | Noticed a troll
 10106 | D:8      | Killed a troll
 10284 | D:8      | Noticed a two-headed ogre
 10295 | D:8      | Killed a two-headed ogre
 10295 | D:8      | Reached skill level 8 in Maces & Flails
 10704 | D:8      | Noticed a two-headed ogre
 10732 | D:8      | Killed a two-headed ogre
 10732 | D:8      | Reached skill level 9 in Maces & Flails
 10732 | D:8      | Reached skill level 5 in Shields
 10732 | D:8      | Reached XP level 10. HP: 36/84 MP: 3/13
 11913 | D:9      | Reached ** piety under Makhleb
 12027 | D:9      | Found a staircase to the Orcish Mines.
 12060 | D:9      | Noticed Prince Ribbit
 12179 | D:9      | Killed Prince Ribbit
 12610 | Lair:1   | Entered Level 1 of the Lair of Beasts
 12650 | Lair:1   | Reached skill level 10 in Maces & Flails
 12726 | Lair:1   | Noticed Erica
 12742 | Lair:1   | Killed Erica
 12742 | Lair:1   | Reached skill level 1 in Evocations
 13538 | Lair:2   | Found a dark tunnel.
 13546 | Volcano  | Entered a volcano
 13567 | Volcano  | Reached XP level 11. HP: 68/93 MP: 14/14
 13866 | Lair:2   | Noticed Nergalle
 13884 | Lair:2   | Killed Nergalle
 13884 | Lair:2   | Reached *** piety under Makhleb
 14711 | Lair:3   | Reached skill level 11 in Maces & Flails
 14791 | Lair:3   | Got a jewelled chain mail
 14828 | Lair:3   | Noticed a seven-headed hydra
 14843 | Lair:3   | Killed a seven-headed hydra
 15229 | Lair:4   | Acquired a +2 eveningstar of holy wrath
 15656 | Lair:4   | Found a staircase to the Shoals.
 15861 | Lair:4   | Found a staircase to the Snake Pit.
 15931 | Lair:4   | Identified the +3 chain mail "Ute Vatt" {+Fly rC++} (You
                  | found it on level 3 of the Lair of Beasts)
 16453 | Lair:5   | Reached XP level 12. HP: 77/102 MP: 15/15
 16582 | Lair:5   | Found a staircase to the Slime Pits.
 16582 | Lair:5   | Found a viscous altar of Jiyva.
 16658 | Lair:5   | Noticed Josephine
 16692 | Lair:5   | Killed Josephine
 16702 | Lair:5   | Reached skill level 1 in Invocations
 16750 | Lair:5   | Noticed a four-headed hydra
 16759 | Lair:5   | Killed a four-headed hydra
 16759 | Lair:5   | Reached skill level 12 in Maces & Flails
 16844 | Lair:5   | Noticed an eight-headed hydra
 16854 | Lair:5   | Killed an eight-headed hydra
 16907 | Lair:5   | Noticed Rupert
 16930 | Lair:5   | Killed Rupert
 16930 | Lair:5   | Reached **** piety under Makhleb
 17492 | Lair:6   | Entered Level 6 of the Lair of Beasts
 17635 | Lair:6   | Reached skill level 10 in Fighting
 17645 | Lair:6   | Reached skill level 5 in Evocations
 17918 | Lair:6   | Noticed a five-headed hydra
 17945 | Lair:6   | Killed a five-headed hydra
 17945 | Lair:6   | Reached skill level 5 in Invocations
 18176 | Lair:6   | Reached XP level 13. HP: 110/110 MP: 17/17
 18208 | Lair:6   | Reached skill level 13 in Maces & Flails
 18260 | Lair:6   | Noticed a fire dragon
 18279 | Lair:6   | HP: 4/110 [fire dragon/blast of flame (36)]
 18280 | Lair:6   | Slain by a fire dragon

Illustrated notes

Levels and vault maps discovered:
D:1:      wander_arrival_chamber, layout_basic
D:2:      minmay_alternating_diamond, layout_rooms,
          chequers_ecumenical_altar_island
D:3:      layout_loops_corners, uniq_robin, uniq_jessica
D:4:      layout_basic, serial_bayou_pond_a
D:5:      layout_layer_cave, serial_shops, shop_fountains, shop, shop, shop,
          nicolae_shop_waterfront, basic_altar
D:6:      layout_gridville, kennysheep_little_box,
          minmay_temple_entry_steel_oval, minivault_10,
          kennysheep_generic_room_3, uniq_duvessa, uniq_blork_the_orc
D:7:      layout_loops_ring, minivault_25
D:8:      layout_layer_cave, erik_lair_island
D:9:      layout_irregular_city, orc_0_dummy, uniq_prince_ribbit1
Temple:   roderic_octagonal_lattice_temple
Lair:1:   layout_cave_pods, chequers_serial_rivers_micro_c, lemuel_fruit_fields,
          uniq_erica
Lair:2:   layout_regular_city, lightli_volcano_entry_magma_tube, st_stairs_5,
          grunt_megastairs_2, uniq_nergalle
Lair:3:   layout_long_grid, kennysheep_catoblepas_arena
Lair:4:   layout_cave_pods, elwin_shoals_entry_rooms,
          guppyfry_snake_entry_island
Lair:5:   layout_cave_shapes, slime_altar_1, chequers_serial_rivers_micro_b,
          grunt_megastairs_5, uniq_rupert, uniq_josephine
Lair:6:   guppyfry_lair_end_dragon, layout_cave_shapes, columned_hall_lemuel,
          worms_lemuel

Skill      XL: |  1  2  3  4  5  6  7  8  9 10 11 12 13 |
---------------+----------------------------------------+-----
Dodging        | 2 3 4 |  4.7
Fighting       | 3 4 5 6 7 8 9 10 | 10.0
Maces & Flails | 3 4 6 7 9 10 11 12 13 | 13.0
Translocations | 4 5 6 |  6.0
Shields        | 2 5 6 8 9 |  9.0
Evocations     | 1 4 5 |  5.7
Invocations    | 5 |  5.8
Throwing       | |  0.6
Armour         | |  0.7
Spellcasting   | |  2.0

Action                   |  1- 3 |  4- 6 |  7- 9 | 10-12 | 13-15 || total
-------------------------+-------+-------+-------+-------+-------++-------
Melee: Mace              |    94 |    72 |   146 |    99 |    23 ||   434
       Tailslap          |     8 |    18 |    35 |    77 |     7 ||   145
       Quarterstaff      |       |   173 |    80 |       |       ||   253
       Dire flail        |       |       |    55 |       |       ||    55
       Morningstar       |       |       |       |   498 |    13 ||   511
Throw: Dart              |     3 |    38 |    33 |    10 |       ||    84
 Cast: Blink             |       |     3 |    15 |    21 |       ||    39
 Abil: Rolling Charge    |     9 |    18 |    22 |    55 |       ||   104
Evoke: Wand              |       |       |    16 |    25 |     3 ||    44
       Phantom mirror    |       |       |       |     1 |       ||     1
  Use: Scroll            |     3 |     5 |    10 |    14 |       ||    32
       Potion            |       |     2 |       |     3 |     1 ||     6
 Stab: Sleeping          |       |       |     1 |     2 |       ||     3
       Distracted        |       |       |       |       |     1 ||     1
       Confused          |       |       |       |       |     1 ||     1
Armor: Leather armour    |    43 |    98 |    89 |    10 |       ||   240
       Steam dragon scal |       |       |       |   133 |     1 ||   134
Dodge: Dodged            |    48 |   133 |   100 |   196 |    11 ||   488
Block: Kite shield       |       |       |   104 |   458 |    18 ||   580

Table legend: (Time is in decaauts)
 A = Elapsed time spent in this place.
 B = Non-inter-level travel time spent in this place.
 C = Inter-level travel time spent in this place.
 D = Time resting spent in this place.
 E = Time spent auto-exploring this place.
 F = Levels seen in this place.
 G = Mean time per level.
                   A        B        C        D        E       F      G
               +--------+--------+--------+--------+--------+-----+--------+
         Total |  18460 |  17638 |    822 |   4315 |  10592 |  17 | 1085.9 |
       Dungeon |  12416 |  11849 |    567 |   3574 |   6564 |   9 | 1379.6 |
        Temple |    301 |    240 |     61 |      0 |    239 |   1 |  301.0 |
          Lair |   5583 |   5390 |    193 |    662 |   3789 |   6 |  930.5 |
       Volcano |    158 |    158 |      0 |     79 |      0 |   1 |  158.0 |
               +--------+--------+--------+--------+--------+-----+--------+

Top non-repeatable levels by time:
     D:5: 2231 daAuts
     D:3: 1709 daAuts
     D:8: 1670 daAuts
     D:6: 1537 daAuts
     D:1: 1392 daAuts
  Lair:4: 1242 daAuts
  Lair:5: 1105 daAuts
     D:2: 1060 daAuts
     D:4: 967 daAuts
     D:9: 965 daAuts
  Lair:2: 955 daAuts
  Lair:1: 916 daAuts
     D:7: 881 daAuts
  Lair:6: 767 daAuts
  Lair:3: 596 daAuts
